 Dungeon Crawl Stone Soup version 0.19.1-1-g22dce08 (webtiles) character file.

59 theAP the Skirmisher (level 4, -6/29 HPs)
             Began as a Gargoyle Fighter on Jan 18, 2017.
             Mangled by a gnoll
             ... wielding a +0 halberd
              (11 damage)
             ... on level 2 of the Dungeon.
             The game lasted 00:02:26 (946 turns).

theAP the Skirmisher (Gargoyle Fighter)              Turns: 946, Time: 00:02:27

Health: -6/29      AC: 10    Str: 25    XL:     4   Next: 3%
Magic:  4/4        EV:  7    Int:  9    God:
Gold:   24         SH:  9    Dex:  9    Spells: 0 memorised, 3 levels left

rFire  + . .     SeeInvis .     a - +0 flail
rCold  x . .     Gourm    .     b - +0 scale mail
rNeg   + . .     Faith    +     c - +0 shield
rPois  ∞         Spirit   .     (no helmet)
rElec  +         Reflect  .     (no cloak)
rCorr  .         Harm     .     (no gloves)
MR     .....                    (no boots)
Stlth  +.........               j - amulet of faith
                                h - ring of stealth
                                e - ring of fire

@: mighty
A: negative energy resistance 1, electricity resistance, unbreathing,
petrification resistance, rot immunity, AC +3
a: no special abilities


You were on level 2 of the Dungeon.
You were not hungry.

You visited 1 branch of the dungeon, and saw 2 of its levels.

You collected 24 gold pieces.

Inventory:

Hand Weapons
 a - a +0 flail (weapon)
Armour
 b - a +0 scale mail (worn)
 c - a +0 shield (worn)
Jewellery
 e - a ring of fire (left hand)
 h - a ring of stealth (right hand)
 j - an amulet of faith (around neck)
Scrolls
 g - a scroll of fog {unknown}
 k - a scroll of noise {unknown}
Potions
 m - a potion of flight {unknown}
Comestibles
 f - 2 bread rations
 l - a meat ration


   Skills:
 + Level 4.1 Fighting
 * Level 3.1 Maces & Flails
 - Level 3.5 Armour
 - Level 3.4 Shields


You had 3 spell levels left.
You didn't know any spells.

Dungeon Overview and Level Annotations

Branches:
Dungeon (2/15)

Altars:


Innate Abilities, Weirdness & Mutations

You are resistant to torment.
Your stone body is resilient. (AC +3)
You are immune to poison.
You resist negative energy. (rN+)
You are resistant to electric shocks. (rElec)
You can survive without breathing.
You are immune to petrification.
You are immune to rotting.


Message History

You are too injured to fight recklessly!
You are too injured to fight recklessly!
You miss the goblin. You block the goblin's attack.
The gnoll hits you from afar with a halberd.
* * * LOW HITPOINT WARNING * * *
The gnoll hits you but does no damage. The goblin completely misses you.
A bat comes into view.
You sock the goblin!
You kill the goblin!
The bat moves out of view.
You block the gnoll's attack. x2
The bat hits you but does no damage. You block the gnoll's attack. x2
You bludgeon the gnoll!!
You kill the gnoll!
You have reached level 4!
You feel clever. The bat barely misses you. You block the bat's attack.
The gnoll barely misses you.
Your shield and scale mail prevent you from hitting the gnoll.
You block the bat's attack. The gnoll hits you with a halberd!
You die...

##.<.#.# ##...#.#
.##.##)##### ####
..........(# #.. #
.##......#.# #.# .#
#.#.##.#.####.####..##
#.#.#.................
#.#.^.[#.....).......#
.......#..###.@)##..
#..#.......# #b)g...#
#.......##.##.......#
#.#.#..###.##.#..##.#
#.... #.##.#... ..
##.#. #......### #. ..
##.....# #.....#


You could see a gnoll and a bat.

Vanquished Creatures
  2 gnolls (D:2)
  3 dart slugs (D:1)
  2 leopard geckos (D:1)
  5 goblins
  4 hobgoblins (D:1)
  4 jackals (D:1)
  3 kobolds
  4 bats
  4 frilled lizards (D:1)
  2 rats (D:1)
33 creatures vanquished.

Notes
Turn   | Place    | Note
-------+----------+-------------------------------------------
     0 | D:1      | theAP the Gargoyle Fighter began the quest for the Orb.
     0 | D:1      | Reached XP level 1. HP: 14/14 MP: 1/1
    39 | D:1      | Reached XP level 2. HP: 18/19 MP: 2/2
   433 | D:1      | Reached XP level 3. HP: 24/24 MP: 3/3
   938 | D:2      | Reached skill level 4 in Fighting
   945 | D:2      | Reached XP level 4. HP: 5/29 MP: 4/4
   946 | D:2      | Mangled by a gnoll

Skill      XL: |  1  2  3 |
---------------+----------+-----
Fighting       | 4 |  4.1
Maces & Flails | 3 |  3.1
Armour         | |  3.5
Shields        | |  3.4

Action                   |  1- 3 |  4- 6 || total
-------------------------+-------+-------++-------
Melee: Flail             |   110 |     1 ||   111
  Use: Scroll            |     1 |       ||     1
       Potion            |     3 |       ||     3
Armor: Scale mail        |    69 |       ||    69
Dodge: Dodged            |    39 |     2 ||    41
Block: Shield            |    71 |     2 ||    73
